 Dungeon Crawl Stone Soup version 0.17.1-1-g73c8601 (webtiles) character file.

61 Lianjan the Digger (level 4, -8/24 HPs)
             Began as a Gargoyle Earth Elementalist on Jan 29, 2016.
             Killed from afar by Lianjan's ghost (10 damage)
             ... with a stone arrow
             ... on level 3 of the Dungeon.
             The game lasted 00:09:19 (1764 turns).

Lianjan the Digger (Gargoyle Earth Elementalist)    Turns: 1764, Time: 00:09:19

Health: -8/24      AC: 10    Str: 11    XL:     4   Next: 7%
Magic:  1/8        EV: 12    Int: 17    God:
Gold:   106        SH:  0    Dex: 10    Spells: 3 memorised, 2 levels left

rFire  . . .     SeeInvis .     r - -3 mace (curse)
rCold  . . .     Clarity  .     a - +0 robe
rNeg   + + +     SustAt   .     (no shield)
rPois  ∞         Gourm    .     k - +2 hat
rElec  +         Spirit   .     (no cloak)
rCorr  .         Warding  +     (no gloves)
rMut   .         Stasis   .     (no boots)
MR     .....                    h - amulet of warding
Stlth  ++........               (no ring)
                                i - ring of positive energy

@: stone skin, not resistant to hostile enchantments, unstealthy
A: negative energy resistance 1, electricity resistance, unbreathing,
petrification resistance, rot immunity, AC +3
a: no special abilities


You were on level 3 of the Dungeon.
You were not hungry.

You visited 1 branch of the dungeon, and saw 3 of its levels.

You collected 106 gold pieces.

Inventory:

Hand Weapons
 f - a +0 club
 r - a cursed -3 mace (weapon)
Missiles
 b - 35 stones (quivered)
 g - 4 curare-tipped needles
 l - 4 needles of slowing
 p - 12 sling bullets of frost
Armour
 a - a +0 robe (worn)
 k - a +2 hat (worn)
Jewellery
 h - an amulet of warding (around neck)
 i - a ring of positive energy (left hand)
Scrolls
 j - a scroll of fog {unknown}
 o - a scroll of noise {unknown}
Potions
 e - a potion of degeneration {unknown}
 n - a potion of resistance {unknown}
Books
 c - a book of Geomancy

   Spells                             Type                      Level
   a - Sandblast                      Earth                        1
   b - Stoneskin                      Transmutation/Earth          2
   c - Passwall                       Transmutation/Earth          3
   d - Stone Arrow                    Conjuration/Earth            3
   e - Petrify                        Transmutation/Earth          4
   f - Lee's Rapid Deconstruction     Earth                        5
Comestibles
 d - 2 bread rations
 m - a chunk of flesh
 q - a meat ration


   Skills:
 - Level 0.2 Maces & Flails
 - Level 1.7 Dodging
 - Level 2.5 Stealth
 * Level 2.7 Spellcasting
 + Level 1.0 Conjurations
 - Level 0.7 Transmutations
 + Level 4.5 Earth Magic


You had 2 spell levels left.
You knew the following spells:

 Your Spells              Type           Power        Failure   Level  Hunger
a - Sandblast             Erth           ###...       2%          1    #......
b - Stone Arrow           Conj/Erth      ##....       17%         3    ###....
c - Stoneskin             Trmt/Erth      ##......     12%         2    ##.....


Dungeon Overview and Level Annotations

Branches:
Dungeon (3/15)

Altars:
Zin

Annotations:
D:3 Lianjan's ghost, amateur GrEE


Innate Abilities, Weirdness & Mutations

You are resistant to torment.
Your stone body is resilient (AC +3).
You are immune to poison.
You resist negative energy.
You are resistant to electric shocks.
You can survive without breathing.
You are immune to petrification.
You are immune to rotting.


Message History

Casting: Sandblast
Confirm with . or Enter, or press ? or * to list all spells.
Aiming: Sandblast
Press: ? - help, Shift-Dir - straight line, f/p - Lianjan's ghost
Aim: Lianjan's ghost The blast of sand hits Lianjan's ghost.
Lianjan's ghost points at you and mumbles some strange words.
The stone arrow hits you!
Ouch! That really hurt!
* * * LOW HITPOINT WARNING * * *
Lianjan's ghost casts a spell at you. The rocky blast hits you!
You see here a giant newt corpse.
Lianjan's ghost casts a spell at you. The stone arrow misses you.
A giant newt comes into view.
Found a scroll labeled CETEOLO GOKK.
Lianjan's ghost gestures at you while chanting.
The stone arrow hits you!
You die...

.#>....#####.## #.# #?.
.....#.####..## #.# #..## #
..####........###.###....#.#
.## #####.....##...........
.# #...#.##..........? ##
####.###.##........... #
#....# #..#.#.W.$..#
#.#######....†<#####
###.........@...[.#
###...######........#
#.....# #.......<# #..####
##.#####.... #..# .... ####
#### .....# ?.......
.......## ..l.


You could see Lianjan's ghost.

Vanquished Creatures
  Natasha (D:2)
  An ooze (D:1)
  A worm (D:3)
  A giant cockroach (D:1)
  7 goblins
  4 hobgoblins (D:1)
  6 kobolds
  3 bats
  A giant newt (D:3)
  A quokka (D:3)
  7 rats
33 creatures vanquished.

Notes
Turn   | Place    | Note
--------------------------------------------------------------
     0 | D:1      | Lianjan the Gargoyle Earth Elementalist began the quest for the Orb.
     0 | D:1      | Reached XP level 1. HP: 10/10 MP: 3/3
   510 | D:1      | Reached skill level 4 in Earth Magic
   510 | D:1      | Reached XP level 2. HP: 13/15 MP: 3/5
  1199 | D:1      | Reached XP level 3. HP: 19/19 MP: 4/6
  1204 | D:1      | Learned a level 3 spell: Stone Arrow
  1207 | D:1      | Learned a level 2 spell: Stoneskin
  1331 | D:2      | Noticed Natasha
  1339 | D:2      | Killed Natasha
  1473 | D:2      | Reached skill level 1 in Conjurations
  1551 | D:2      | Found a glowing silver altar of Zin.
  1601 | D:3      | Reached XP level 4. HP: 24/24 MP: 1/8
  1722 | D:3      | Noticed Lianjan's ghost (amateur GrEE)
  1760 | D:3      | HP: 1/24 [Lianjan's ghost/stone arrow (12)]
  1764 | D:3      | Killed from afar by Lianjan's ghost

Action                   |  1- 3 |  4- 6 || total
-------------------------+-------+-------++-------
Melee: Club              |    69 |       ||    69
 Cast: Sandblast         |    31 |     9 ||    40
       Stoneskin         |       |     1 ||     1
 Stab: Sleeping          |     1 |       ||     1
  Eat: Chunk             |     3 |       ||     3
